 Dungeon Crawl Stone Soup version 0.22.1-1-ga44c0e5 (webtiles) character file.

4165 roasted the Grappler (level 10, -3/94 HPs)
             Began as a Troll Berserker on Oct 6, 2018.
             Was a High Priest of Trog.
             Slain by a killer bee (9 damage)
             ... on level 8 of the Dungeon.
             The game lasted 01:00:50 (6233 turns).

roasted the Grappler (Troll Berserker)              Turns: 6233, Time: 01:00:51

Health: -3/94      AC: 10    Str: 30    XL:     10   Next: 7%
Magic:  8/8        EV: 12    Int:  5    God:    Trog [*****.]
Gold:   347        SH:  0    Dex:  9    Spells: 8/9 levels left

rFire    + . .     SeeInvis .     - Unarmed
rCold    + . .     Gourm    +   (no shield)
rNeg     . . .     Faith    .   d - +2 robe {rC+}
rPois    .         Spirit   .   (helmet restricted)
rElec    .         Reflect  .   i - +2 cloak
rCorr    +         Harm     .   (gloves unavailable)
MR       ++...                  (boots unavailable)
Stlth    +.........             (no amulet)
HPRegen  1.65/turn              c - ring of protection from fire
MPRegen  0.11/turn              k - ring of resist corrosion

@: lethally poisoned (-3 -> -3), very slightly contaminated, regenerating,
invisible
A: large, unfitting armour, claws 3, clever 1, fast metabolism 3, gourmand, low
mp 1, regeneration 1, screaming 1, shaggy fur 1, tough skin 2
a: Berserk, Trog's Hand, Brothers in Arms, Renounce Religion


You were on level 8 of the Dungeon.
You worshipped Trog.
Trog was extremely pleased with you.
You were full.

You visited 1 branch of the dungeon, and saw 9 of its levels.
You also visited: Ossuary.

You collected 347 gold pieces.

Inventory:

Hand Weapons
 y - a +1 giant spiked club
 G - a +4 hunting sling
 H - a +1 great mace of crushing
Missiles
 m - 258 stones (quivered)
Armour
 d - a +2 robe of cold resistance (worn)
 i - a +2 cloak (worn)
 r - a +0 robe of positive energy
Jewellery
 c - a ring of protection from fire (left claw)
 e - a cursed ring of teleportation
 f - a +5 ring of intelligence
 k - a ring of resist corrosion (right claw)
Wands
 a - a wand of paralysis (14)
 h - a wand of iceblast (7)
 p - a wand of random effects (21)
 z - a wand of polymorph (8)
 F - a wand of enslavement (12)
Scrolls
 g - 5 scrolls of immolation
 l - 2 scrolls of identify
 q - 5 scrolls of remove curse
 B - a scroll of enchant armour
Potions
 s - a potion of flight
 w - 4 potions of brilliance
 C - a potion of agility
Comestibles
 b - 10 rations


   Skills:
 + Level 4.4 Fighting
 + Level 6.1 Dodging
 + Level 1.4 Stealth
 + Level 12.0 Unarmed Combat


You had 8 spell levels left.
You knew the following spells:

 Your Spells              Type           Power        Failure   Level  Hunger
a - Confusing Touch       Hex            #.....       47%         1    ##.....

Your spell library contained the following spells:

 Spells                   Type           Power        Failure   Level  Hunger
 Animate Skeleton         Necr           N/A          47%         1    ##.....
 Apportation              Tloc           #.....       47%         1    ##.....
 Summon Small Mammal      Summ           #...         47%         1    ##.....


Dungeon Overview and Level Annotations

Branches:
Dungeon (9/15)             Temple (0/1) D:4
   Lair: D:8-11         Orc: D:9-12

Altars:
Cheibriados
Elyvilon
Nemelex Xobeh
Qazlal
Trog


Innate Abilities, Weirdness & Mutations

You are too large for most types of armour.
You have claws for hands.
Your metabolism is lightning-fast.
You like to eat raw meat.
Your natural rate of healing is unusually fast.
You are covered in fur. (AC +1)
You have very tough skin. (AC +2)
Your mind is acute. (Int +2)
Your magical capacity is low. (-10% MP)
You occasionally shout uncontrollably at your foes.


Message History

The killer bee stings you but does no damage.
The killer bee buzzes angrily.
Your skin crawls.
You feel resistant to hostile enchantments.
You feel somewhat less full.
The bullfrog croaks.
The killer bee closely misses you.
The killer bee stings you but does no damage.
The killer bee barely misses you. The killer bee closely misses you.
The killer bee stings you!
* * * LOW HITPOINT WARNING * * *
You are more poisoned.
The killer bee poisons you! The killer bee closely misses you.
The crimson imp shouts!
You closely miss the killer bee.
The killer bee is moderately wounded.
You feel sick.
The orc wizard gestures at the killer bee while chanting.
The killer bee misses you. The killer bee stings you!
You die...

#########
#.......#
#.......#
#.......#
#.......#
#.....o.#
#.....y.###
#†....Fy@.#
#..s....#y#
#..o....#.#
#.....!....
#...........##
#.......5....#
#.....5....(..
#............##
#............#


You could see a bullfrog, 3 killer bees, an orc wizard, a crimson imp
(wandering), an orc and a giant cockroach.

Vanquished Creatures
  Pikel (D:6)
  The ghost of brandon the Conjurer, a novice DEFE (D:5)
  Menkaure (D:6)
  Edmund (D:4)
  Duvessa (D:4)
  4 slaves (D:6)
  An orc warrior (D:6)
  3 ice beasts
  2 sky beasts
  A phantom (D:7)
  3 ogres
  A centaur (D:7)
  An elf zombie (Ossuary)
  Blork the orc (D:5)
  3 bullfrogs
  Dowan (D:4)
  A wyvern skeleton (D:6)
  2 scorpions
  2 killer bees (D:8)
  3 jellies
  2 crimson imps
  A quasit (D:6)
  A human zombie (Ossuary)
  A hound (D:5)
  Crazy Yiuf (D:2)
  A bullfrog skeleton (D:5)
  3 gnoll shamans (D:6)
  Jessica (D:2)
  Ijyb (D:3)
  Natasha (thrice) (D:3)
  5 orc wizards
  A worker ant (D:6)
  2 big kobold zombies (Ossuary)
  A hound skeleton (D:8)
  2 mummies (Ossuary)
  A howler monkey zombie (D:5)
  52 gnolls
  A howler monkey skeleton (D:6)
  9 adders
  A shadow imp (D:5)
  An ooze (D:4)
  A worm zombie (D:4)
  An adder zombie (Ossuary)
  An adder skeleton (D:5)
  4 worms
  2 dart slugs
  6 leopard geckos
  16 orcs
  7 giant cockroaches
  11 goblins
  16 hobgoblins
  24 jackals
  11 kobolds
  2 quokkas (D:2)
  5 bats
  3 frilled lizards
  A gnoll zombie (D:4)
  5 goblin zombies (Ossuary)
  8 hobgoblin zombies (Ossuary)
  2 jackal zombies
  8 kobold zombies (Ossuary)
  11 orc zombies
  7 rats
  4 fungi (D:4)
  7 plants
288 creatures vanquished.

Notes
Turn   | Place    | Note
-------+----------+-------------------------------------------
     0 | D:1      | roasted the Troll Berserker began the quest for the Orb.
     0 | D:1      | Reached XP level 1. HP: 22/22 MP: 0/0
   253 | D:1      | Reached XP level 2. HP: 22/29 MP: 1/1
   387 | D:1      | Found a snail-covered altar of Cheibriados.
   506 | D:1      | Reached ** piety under Trog
   724 | D:1      | Gained mutation: Your magical capacity is low. (-10% MP)
                  | [potion of mutation]
   724 | D:1      | Gained mutation: You occasionally shout uncontrollably at
                  | your foes. [potion of mutation]
   724 | D:1      | Gained mutation: Your mind is acute. (Int +2) [potion of
                  | mutation]
   738 | D:2      | Reached XP level 3. HP: 35/36 MP: 1/1
   863 | D:2      | Noticed Jessica
   871 | D:2      | Killed Jessica
   901 | D:2      | Found a white marble altar of Elyvilon.
   988 | D:2      | Reached XP level 4. HP: 41/44 MP: 2/2
  1036 | D:2      | Found a runed door.
  1040 | D:2      | Noticed Crazy Yiuf
  1050 | D:2      | Killed Crazy Yiuf
  1050 | D:2      | Reached skill level 4 in Unarmed Combat
  1574 | D:3      | Reached XP level 5. HP: 53/53 MP: 3/3
  1602 | D:3      | Reached *** piety under Trog
  1770 | D:3      | Noticed Ijyb
  1796 | D:3      | Killed Ijyb
  1796 | D:3      | Reached skill level 5 in Unarmed Combat
  1986 | D:3      | Noticed Natasha
  2036 | D:3      | Killed Natasha
  2044 | D:3      | Reached XP level 6. HP: 40/61 MP: 4/4
  2150 | D:3      | Found a sparkling altar of Nemelex Xobeh.
  2162 | D:3      | Noticed Natasha
  2167 | D:3      | Killed Natasha
  2446 | D:3      | Noticed Natasha
  2455 | D:3      | Killed Natasha
  2698 | D:4      | Reached skill level 6 in Unarmed Combat
  2727 | D:4      | Found a sand-covered staircase.
  2752 | Ossuary  | Entered an ossuary
  2769 | Ossuary  | Reached **** piety under Trog
  2900 | Ossuary  | Reached XP level 7. HP: 60/67 MP: 5/5
  3186 | D:4      | Reached skill level 7 in Unarmed Combat
  3299 | D:4      | Found a white marble altar of Elyvilon.
  3457 | D:4      | Found a staircase to the Ecumenical Temple.
  3472 | D:4      | Noticed Dowan
  3475 | D:4      | Noticed Duvessa
  3488 | D:4      | Killed Duvessa
  3494 | D:4      | Killed Dowan
  3507 | D:4      | Noticed Edmund
  3572 | D:4      | Killed Edmund
  3708 | D:4      | Reached skill level 8 in Unarmed Combat
  3708 | D:4      | Reached XP level 8. HP: 75/75 MP: 6/6
  3774 | D:5      | Entered Level 5 of the Dungeon
  3869 | D:5      | Found a large runed door.
  3879 | D:5      | Found a large runed door.
  3880 | D:5      | Noticed brandon's ghost (novice DEFE)
  3913 | D:5      | Was placed under penance by Trog
  3915 | D:5      | Learned a level 1 spell: Confusing Touch
  3949 | D:5      | Noticed Blork the orc
  4062 | D:5      | Killed Blork the orc
  4099 | D:5      | Reached skill level 9 in Unarmed Combat
  4111 | D:5      | Was forgiven by Trog
  4253 | D:5      | Reached skill level 1 in Stealth
  4273 | D:5      | Reached skill level 5 in Dodging
  4426 | D:5      | Killed brandon's ghost
  4561 | D:6      | Noticed Menkaure
  4565 | D:6      | Reached ***** piety under Trog
  4577 | D:6      | Killed Menkaure
  4577 | D:6      | Reached skill level 10 in Unarmed Combat
  4577 | D:6      | Reached XP level 9. HP: 20/84 MP: 7/7
  4711 | D:6      | Noticed Pikel
  4735 | D:6      | Killed Pikel
  4735 | D:6      | Reached skill level 11 in Unarmed Combat
  4747 | D:6      | Received a gift from Trog
  4806 | D:6      | Found a bloodstained altar of Trog.
  6028 | D:7      | Reached XP level 10. HP: 79/94 MP: 8/8
  6127 | D:7      | You fall through a shaft for 2 floors!
  6166 | D:8      | Found a stormy altar of Qazlal.
  6171 | D:8      | Reached skill level 12 in Unarmed Combat
  6233 | D:8      | Slain by a killer bee

Skill      XL: |  1  2  3  4  5  6  7  8  9 10 |
---------------+-------------------------------+-----
Dodging        | 3 4 5 6 |  6.1
Fighting       | 3 4 |  4.4
Unarmed Combat | 4 5 6 8 10 11 12 | 12.0
Stealth        | 1 |  1.4

Action                   |  1- 3 |  4- 6 |  7- 9 | 10-12 || total
-------------------------+-------+-------+-------+-------++-------
Melee: Unarmed           |   190 |   261 |   418 |    26 ||   895
       Punch             |     3 |     4 |    21 |       ||    28
Invok: Trog's Hand       |       |       |       |     1 ||     1
  Use: Potion            |     2 |     3 |     4 |     1 ||    10
       Scroll            |     1 |     2 |    18 |     2 ||    23
 Stab: Sleeping          |       |       |     1 |       ||     1
       Invisible         |       |       |       |     1 ||     1
  Eat: Chunk             |    13 |    12 |    31 |     5 ||    61
Armor: Robe              |    35 |   105 |    95 |    23 ||   258
       Animal skin       |     2 |       |       |       ||     2
Dodge: Dodged            |    63 |   122 |   203 |    81 ||   469
